 Dungeon Crawl Stone Soup version 0.32-a0-995-gb4a59205af (webtiles) character file.

Game seed: 11363190848907003581

923 AnimeIsTrash the Fighter (level 7, -1/130 HPs)
             Began as a Troll Artificer on Apr 22, 2024.
             Succumbed to a kobold brigand's poison
             ... on level 4 of the Dungeon.
             The game lasted 00:03:48 (2743 turns).

AnimeIsTrash the Fighter (Troll Artificer)          Turns: 2743, Time: 00:03:48

Health: -1/130     AC: 23    Str: 23    XL:     7   Next: 84%
Magic:  6/6        EV:  1    Int:  7    God:
Gold:   165        SH:  0    Dex: 10    Spells: 6/6 levels left

rFire   . .          .
                       - Unarmed
rCold   . . .        (no shield)
rNeg    . . .        b - melded +0 robe
rPois   +            h - melded +2 hat
rElec   .            (cloak currently unavailable)
rCorr   .            (gloves unavailable)
SInv    .            (boots unavailable)
Will    .....        (no amulet)
Stlth   +            (no ring)
HPRegen 1.21/turn    (no ring)
MPRegen 0.10/turn

%: no passive effects
@: lethally poisoned (-1 -> -6), tree-form, invisible
A: stationary, stasis, torment immunity, boosted hp, large, unfitting armour,
(claws 3), regeneration 1, (shaggy fur 1), (tough skin 1)
a: no special abilities


You were on level 4 of the Dungeon.
You were a tree.
You visited 1 branch of the dungeon, and saw 4 of its levels.

You collected 165 gold pieces.

Inventory:

Hand Weapons
 a - a +0 club
Armour
 b - a +0 robe (melded)
 h - a +2 hat (melded)
Wands
 c - a wand of flame (14) (quivered)
 d - a wand of charming (13)
 e - a wand of iceblast (3)
Scrolls
 f - 4 scrolls of identify {unknown}
 j - a scroll of fear {unknown}
 l - a scroll of revelation {unknown}
 n - a scroll of torment {unknown}
 o - 2 scrolls of teleportation {unknown}
 p - a scroll of silence {unknown}
 q - a scroll of brand weapon {unknown}
 t - a scroll of fog {unknown}
 u - a scroll of immolation {unknown}
 v - a scroll of poison {unknown}
Potions
 r - a potion of heal wounds {unknown}
 s - a potion of berserk rage {unknown}


   Skills:
 - Level 10.3 Fighting
 - Level 1.9 Dodging
 - Level 0.3 Stealth
 + Level 7.1 Unarmed Combat
 - Level 2.1 Evocations


You had 6 spell levels left.
You didn't know any spells.
Your spell library contained the following spells:

 Spells                   Type           Power      Damage    Failure   Level
 Frozen Ramparts          Ice            0%         1d1       80%         3
 Ozocubu's Armour         Ice            0%         N/A       80%         3
 Metabolic Englaciation   Hex/Ice        0%         N/A       100%        5


Dungeon Overview and Level Annotations

Branches:
Dungeon (4/15)
 Temple: D:4-7

Altars:
Cheibriados

Shops:
D:1 (


Innate Abilities, Weirdness & Mutations

You are a tree.
Your roots penetrate the ground, keeping you stationary.
You cannot be teleported.
You are immune to unholy pain and torment.
Your maximum health is greatly increased.
Your equipment is partially melded.
You are too large for most types of armour.
((You have claws for hands.))
Your natural rate of healing is unusually fast.
((You are covered in fur. (AC +1)))
((You have tough skin. (AC +1)))


Message History

A kobold comes into view. It is wielding a +0 dagger.
The kobold brigand hits you with a +0 dagger of venom.
You are lethally poisoned!
You are too injured to fight recklessly!
You are too injured to fight recklessly!
You are too injured to fight recklessly!
Unknown command.
Okay, then.
The kobold shouts!
You mangle the kobold brigand!!
You kill the kobold brigand!
You feel very sick. The kobold brigand barely misses you.
Your Unarmed Combat skill increases to level 7!
Unknown command.
Unknown command.
It was a potion of magic.
Magic courses through your body.
* * * LOW HITPOINT WARNING * * *
You feel extremely sick.
The kobold brigand hits you with a +0 club.
* * * LOW HITPOINT WARNING * * *
It was a potion of invisibility.
You fade into invisibility!
* * * LOW HITPOINT WARNING * * *
You feel very sick. The kobold brigand barely misses you.
Unknown command.
It was a potion of experience.
You feel more experienced!
Your Fighting skill gained 10 levels and is now at level 10!
You have reached level 7!
* * * LOW HITPOINT WARNING * * *
You feel very sick.
The kobold brigand hits you with a +0 club.
* * * LOW HITPOINT WARNING * * *
Unknown command.
It was a potion of lignification.
You turn into a tree.
Your +2 hat melds into your body.
Your +0 robe melds into your body.
Your roots penetrate the ground.
You die...

## .# .##
..# ..#
##K.#
#)K# #♣.#
#).# #..#
##..# #
#..##~#
##..#~~#
#..##~~##
#..#≈~~~#
+###
#..#≈~~~#


You could see a kobold brigand (unable to see you) and a kobold (unable to see
you).

Vanquished Creatures
  Sigmund (D:2)
  A kobold brigand (D:4)
  A bombardier beetle (D:4)
  A hound (D:4)
  Natasha (D:4)
  6 adders
  2 dart slugs (D:2)
  4 orcs
  9 endoplasms
  4 giant cockroaches (D:1)
  3 goblins
  10 hobgoblins
  10 jackals
  6 quokkas
  6 ball pythons
  6 bats
  3 frilled lizards
  10 kobolds
  4 rats
88 creatures vanquished.

Notes
Turn   | Place    | Note
-------+----------+-------------------------------------------
     0 | D:1      | AnimeIsTrash the Troll Artificer began the quest for the
                  | Orb.
     0 | D:1      | Reached XP level 1. HP: 18/18 MP: 0/0
    29 | D:1      | Reached skill level 1 in Unarmed Combat
    65 | D:1      | Found Jiphy's Antique Weapon Shoppe.
    88 | D:1      | Reached XP level 2. HP: 26/26 MP: 1/1
   333 | D:1      | Reached XP level 3. HP: 32/32 MP: 2/2
   985 | D:2      | Reached XP level 4. HP: 40/40 MP: 3/3
  1118 | D:2      | Noticed Sigmund
  1134 | D:2      | Killed Sigmund
  1135 | D:2      | Reached skill level 5 in Unarmed Combat
  1135 | D:2      | Reached XP level 5. HP: 46/46 MP: 4/4
  1706 | D:2      | Reached XP level 6. HP: 42/54 MP: 5/5
  1969 | D:3      | Found a snail-covered altar of Cheibriados.
  2639 | D:4      | Noticed Natasha
  2649 | D:4      | Killed Natasha
  2742 | D:4      | Reached skill level 10 in Fighting
  2742 | D:4      | Reached XP level 7. HP: 11/87 MP: 6/6
  2742 | D:4      | HP: 1/87 [kobold brigand/+0 club (6)]
  2743 | D:4      | Succumbed to a kobold brigand's poison

Illustrated notes

Levels and vault maps discovered:
D:1:      sevenhm_arrival_forest_fort_small_6, layout_basic, serial_shops,
          nicolae_shop_crystal, kennysheep_pointless_box, minmay_heptomino_d4
D:2:      layout_basic, uniq_sigmund
D:3:      layout_basic, mainiacjoe_overflow_paths
D:4:      cheibrodos_thug_alley, layout_basic, kennysheep_generic_room_11,
          uniq_natasha

Skill      XL: |  1  2  3  4  5  6 |
---------------+-------------------+-----
Unarmed Combat | 1 2 3 5 7 |  7.1
Fighting       | 10 | 10.3
Dodging        | |  1.9
Stealth        | |  0.3
Evocations     | |  2.1

Action                     |  1- 3 |  4- 6 |  7- 9 || total
---------------------------+-------+-------+-------++-------
  Melee: Unarmed           |   102 |   126 |       ||   228
         Punch             |     3 |     2 |       ||     5
  Evoke: Wand              |       |     5 |       ||     5
    Use: Potion            |       |     3 |     1 ||     4
   Stab: Sleeping          |     1 |       |       ||     1
 Armour: Robe              |    58 |    83 |     1 ||   142
  Dodge: Dodged            |    50 |    50 |       ||   100

Table legend: (Time is in decaauts)
 A = Elapsed time spent in this place.
 B = Non-inter-level travel time spent in this place.
 C = Inter-level travel time spent in this place.
 D = Time resting spent in this place.
 E = Time spent auto-exploring this place.
 F = Levels seen in this place.
 G = Mean time per level.
                   A        B        C        D        E       F      G
               +--------+--------+--------+--------+--------+-----+--------+
         Total |   2722 |   2533 |    189 |      0 |   2052 |   4 |  680.5 |
       Dungeon |   2722 |   2533 |    189 |      0 |   2052 |   4 |  680.5 |
               +--------+--------+--------+--------+--------+-----+--------+

Top non-repeatable levels by time:
     D:1: 897 daAuts
     D:2: 876 daAuts
     D:3: 719 daAuts
     D:4: 229 daAuts
